 Seeded DCSS version 0.29-a0-834-g1e95ca9f62 (webtiles) character file.

Game seed: 20220712 (custom seed)

0 flotson the Sneak (level 1, -7/18 HPs)
             Began as a Demonspawn Delver on July 13, 2022.
             Mangled by a kobold
             ... wielding a +2 dagger of electrocution
              (17 damage)
             ... on level 3 of the Dungeon.
             The game lasted 00:00:25 (107 turns).

flotson the Sneak (Demonspawn Delver)                Turns: 107, Time: 00:00:26

Health: -7/18      AC:  3    Str: 12    XL:     1   Next: 0%
Magic:  1/1        EV: 11    Int: 11    God:
Gold:   25         SH:  0    Dex: 14    Spells: 0/0 levels left

rFire   . . .      SeeInvis .   a - +0 spear
rCold   . . .      Faith    .   (no shield)
rNeg    . . .      Spirit   .   b - +0 leather armour
rPois   .          Reflect  .   (no helmet)
rElec   .          Harm     .   (no cloak)
rCorr   .          Rampage  .   (no gloves)
Will    .....                   (no boots)
Stlth   ++........              (no amulet)
HPRegen 0.06/turn               (no ring)
MPRegen 0.07/turn               (no ring)

@: no status effects
A: no striking features
a: no special abilities


You were on level 3 of the Dungeon.
You visited 1 branch of the dungeon, and saw 3 of its levels.

You collected 25 gold pieces.

Inventory:

Hand Weapons
 a - a +0 spear (weapon)
Armour
 b - a +0 leather armour (worn)
Wands
 g - a wand of digging (3)
Scrolls
 c - a scroll of fog
 d - a scroll of magic mapping
 e - a scroll of fear
 h - a scroll of identify {unknown}
Potions
 f - a potion of haste


   Skills:
 + Level 3.0 Fighting
 - Level 1.7 Polearms
 + Level 0.0 Armour
 + Level 1.7 Dodging
 + Level 4.5 Stealth
 + Level 0.0 Evocations


You couldn't memorise any spells.
You didn't know any spells.
Your spell library was empty.

Dungeon Overview and Level Annotations

Branches:
Dungeon (5/15)
 Temple: D:4-7

Altars:

Annotations:
D:5 Edmund


Message History

Press ? for a list of commands and other information.
Found two stone staircases leading down.
Edmund the Younger comes into view.
He is wielding a +2 flail of holy wrath.
Found 10 gold pieces.
You see here 12 gold pieces.
You now have 12 gold pieces.
Found a scroll labelled KUENLO FIACZAM.
h - a scroll labelled KUENLO FIACZAM
Found an escape hatch in the ceiling.
Found a stone staircase leading up.
There is an escape hatch in the ceiling here.
Found 3 gold pieces.
You now have 22 gold pieces (gained 10).
There is a stone staircase leading up here.
You now have 25 gold pieces (gained 3).
There is a stone staircase leading up here.
You climb upwards.
There is a stone staircase leading down here.
Found a stone staircase leading up.
There is a stone staircase leading up here.
Found a stone staircase leading up.
There is a stone staircase leading up here.
You climb upwards.
There is a stone staircase leading down here.
There is a stone staircase leading down here.
A kobold comes into view.
It is wielding a +2 dagger of electrocution.
The kobold shouts!
You reach to attack!
You barely miss the kobold. You closely miss the kobold.
The kobold hits you with a +2 dagger of electrocution.
You closely miss the kobold.
The kobold hits you with a +2 dagger of electrocution.
You hit the kobold.
The kobold is moderately wounded.
The kobold hits you with a +2 dagger of electrocution.
You closely miss the kobold.
The kobold is moderately wounded.
The kobold hits you but does no damage.
You are electrocuted!
Ouch! That really hurt!
You die...

#...... ...#
#...... ....
#...... ....##
#...... #.#..#
#...... #.#..##
#...... #.##..#
#......##.##..#
......K@.....>###
.......####.#...#
....... #.#.#.#
.....## #.#.#.#
..... #.#.#.#
.... #.#.#.# ...
#.#.#.# ###
#.#.#.. #.#.#.#


You could see a kobold.

Vanquished Creatures (others)
  2 plants (D:3)
2 creatures vanquished.

Notes
Turn   | Place    | Note
-------+----------+-------------------------------------------
     0 | D:5      | flotson the Demonspawn Delver began the quest for the Orb.
     0 | D:5      | Reached XP level 1. HP: 18/18 MP: 1/1
    12 | D:5      | Noticed Edmund
   107 | D:3      | Mangled by a kobold

Illustrated notes

Levels and vault maps discovered:
D:3:      layout_basic, chequers_temple_overflow_statue_of_worship,
          gammafunk_ghost_necromancy, columned_hall_lemuel,
          dreamdust_princess_bridge, minmay_misc_feat_square,
          serial_bayou_pond_c
D:4:      layout_loops_ring, minmay_checkerbox, uniq_eustachio
D:5:      layout_loops_ring, minmay_temple_entry_trees,
          nicolae_concentric_dashed_squares_mild, minivault_23, uniq_edmund

Action                   || total
-------------------------++-------
Melee: Spear             ||     5
Armor: Leather armour    ||     1

Table legend: (Time is in decaauts)
 A = Elapsed time spent in this place.
 B = Non-inter-level travel time spent in this place.
 C = Inter-level travel time spent in this place.
 D = Time resting spent in this place.
 E = Time spent auto-exploring this place.
 F = Levels seen in this place.
 G = Mean time per level.
                   A        B        C        D        E       F      G
               +--------+--------+--------+--------+--------+-----+--------+
         Total |    106 |    106 |      0 |      0 |     45 |   3 |   35.3 |
       Dungeon |    106 |    106 |      0 |      0 |     45 |   3 |   35.3 |
               +--------+--------+--------+--------+--------+-----+--------+

Top non-repeatable levels by time:
     D:5: 58 daAuts
     D:4: 34 daAuts
     D:3: 13 daAuts
